 Dungeon Crawl Stone Soup version 0.24.0-1-gfbc8707122 (webtiles) character file.

Game seed: 12294594664550169754, levelgen mode: deterministic

38 Esekla the Sneak (level 3, -1/18 HPs)
             Began as a Spriggan Wanderer on Oct 25, 2019.
             Slain by Natasha (8 damage)
             ... on level 2 of the Dungeon.
             The game lasted 00:07:24 (1407 turns).

Esekla the Sneak (Spriggan Wanderer)                Turns: 1407, Time: 00:07:25

Health: -1/18      AC:  2    Str: 10    XL:     3   Next: 25%
Magic:  4/4        EV: 17    Int: 12    God:
Gold:   58         SH:  0    Dex: 15    Spells: 2/2 levels left

rFire    . . .     SeeInvis +   a - +2 dagger
rCold    . . .     Gourm    .   (shield restricted)
rNeg     . . .     Faith    .   c - +0 robe
rPois    .         Spirit   .   (helmet restricted)
rElec    .         Reflect  .   (no cloak)
rCorr    .         Harm     .   (gloves unavailable)
MR       .....                  (boots unavailable)
Stlth    +++.......             (no amulet)
HPRegen  0.06/turn              (no ring)
MPRegen  0.09/turn              (no ring)

@: slowed, quick
A: very small, unfitting armour, see invisible, herbivore, speed 3, slow
metabolism 2
a: no special abilities


You were on level 2 of the Dungeon.
You were not hungry.

You visited 1 branch of the dungeon, and saw 2 of its levels.

You collected 58 gold pieces.

Inventory:

Hand Weapons
 a - a +2 dagger (weapon)
 d - a +0 hand crossbow
Missiles
 e - 42 bolts
Armour
 c - a +0 robe (worn)
Scrolls
 b - a scroll of fear
 h - a scroll of remove curse {unknown}
 j - a scroll of amnesia {unknown}
 m - 2 scrolls of identify {unknown}
 n - a scroll of blinking {unknown}
 o - a scroll of teleportation {unknown}
Potions
 g - 4 potions of curing {unknown}
 i - a potion of heal wounds {unknown}
 k - a potion of brilliance {unknown}
 l - a potion of might {unknown}
Comestibles
 f - 3 rations


   Skills:
 + Level 2.0 Fighting
 * Level 1.9 Short Blades
 - Level 4.0 Crossbows
 + Level 2.5 Dodging
 + Level 4.2 Stealth


You had 2 spell levels left.
You didn't know any spells.
Your spell library was empty.

Dungeon Overview and Level Annotations

Branches:
Dungeon (2/15)

Altars:
Zin

Annotations:
D:2 Natasha, Robin


Innate Abilities, Weirdness & Mutations

You are very small and have problems with some larger weapons.
You are too small for most types of armour.
You have supernaturally acute eyesight. (SInv)
You are a herbivore.
You cover ground extremely quickly.
You need to consume almost no food.


Message History

Natasha is moderately wounded.
Natasha barely misses you. The iron imp puffs mist at you.
The iron imp completely misses you.
Natasha howls an incantation.
Natasha glows brightly for a moment.
Natasha claws you. The iron imp completely misses you.
You hit Natasha.
Natasha is moderately wounded.
Natasha howls an incantation.
Natasha shimmers violently.
Natasha closely misses you. Natasha claws you.
You hit Natasha.
Natasha is heavily wounded.
Natasha misses you.
You closely miss Natasha.
Natasha is heavily wounded.
Natasha claws you!
You die...

#.#'########.#######.########.#
###.........##.#.).........#..>..
..#....†.†..#....#####.###.#.##.#
..#.........#..#######.# #.##.#
............#..#.....#.# #.##.#
.....g......#..#.###.#.# #.#...
....#.#######).#.# #.#.# #.#...
##..#)# ####..#.###.#># #.#...
#..#.# .......@##...†# #.####
#..#.# ........h5....# #.# #..#g#
.......###....# #..#.# .......#
#....# ...#.# #.......'.'....#
##.#.# .......###....# ...#.##
.....# ##.#. ......# .......


You could see an iron imp and Natasha.

Vanquished Creatures
  An adder (D:2)
  A ball python (D:2)
  5 goblins (D:2)
  4 hobgoblins
  5 jackals (D:1)
  2 bats
  A frilled lizard (D:2)
  3 kobolds
  5 rats
27 creatures vanquished.

Vanquished Creatures (others)
  A jackal (D:1)
1 creature vanquished.

Grand Total: 28 creatures vanquished

Notes
Turn   | Place    | Note
-------+----------+-------------------------------------------
     0 | D:1      | Esekla the Spriggan Wanderer began the quest for the Orb.
     0 | D:1      | Esekla set off with the following items: a +2 dagger, a
                  | scroll of fear, a +0 robe, a +0 hand crossbow, 25 bolts, a
                  | ration
     0 | D:1      | Reached XP level 1. HP: 10/10 MP: 2/2
   200 | D:1      | Reached skill level 1 in Short Blades
   512 | D:1      | Reached XP level 2. HP: 14/14 MP: 3/3
   977 | D:2      | Found a glowing silver altar of Zin.
  1110 | D:2      | Noticed Robin
  1337 | D:2      | Noticed Natasha
  1351 | D:2      | Reached XP level 3. HP: 12/18 MP: 4/4
  1407 | D:2      | Slain by Natasha

Levels and vault maps discovered:
D:1:      shiori_arrival_oz, layout_loops_corners
D:2:      layout_basic, nicolae_qazlal_eye_of_the_storm,
          nicolae_overflow_hidden_temple, marbit_many_paths, first_ration,
          ebering_dispersal_statue_hall, minmay_misc_feat_x, uniq_natasha,
          uniq_robin

Skill      XL: |  1  2  3 |
---------------+----------+-----
Short Blades   | 1 |  1.9
Stealth        | 4 |  4.2
Fighting       | 2 |  2.0
Crossbows      | |  4.0
Dodging        | |  2.5

Action                   || total
-------------------------++-------
Melee: Dagger            ||    76
 Stab: Sleeping          ||     7
Armor: Robe              ||     3
Dodge: Dodged            ||    45
